 Dungeon Crawl Stone Soup version 0.26.1-2-gb8aa6d0cf2 (webtiles) character file.

Game seed: 8927703112213143182

13068 CryoSword the Zephyrmancer (level 12, 0/73 HPs)
             Began as a Tengu Air Elementalist on Feb 14, 2021.
             Was a High Priest of Vehumet.
             Slain by Snorg (15 damage)
             ... on level 10 of the Dungeon.
             The game lasted 01:04:18 (18332 turns).

CryoSword the Zephyrmancer (TeAE)                  Turns: 18332, Time: 01:04:19

Health: 0/73       AC:  5    Str:  9    XL:     12   Next: 2%
Magic:  29/31      EV: 14    Int: 20    God:    Vehumet [*****.]
Gold:   92         SH:  6    Dex: 21    Spells: 6/23 levels left

rFire    . . .     SeeInvis +   a - +5 scimitar (freeze)
rCold    . . .     Faith    .   s - +0 buckler
rNeg     . . .     Spirit   .   M - +0 troll leather armour
rPois    +         Reflect  .   (helmet restricted)
rElec    .         Harm     .   (no cloak)
rCorr    .         Rampage  .   m - +0 pair of gloves
Will     .....                  (boots unavailable)
Stlth    +++.......             L - amulet of magic regeneration
HPRegen  0.62/turn              F - +6 ring of dexterity
MPRegen  0.47/turn              u - ring of magical power

@: swift, about to teleport, quick
A: beak, talons 3, see invisible, poison resistance, able to fly
a: Fly, Renounce Religion


You were on level 10 of the Dungeon.
You worshipped Vehumet.
Vehumet was extremely pleased with you.
You visited 1 branch of the dungeon, and saw 11 of its levels.
You also visited: Sewer and Bailey.

You collected 696 gold pieces.
You spent 604 gold pieces at shops.

Inventory:

Hand Weapons
 a - a +5 scimitar of freezing (weapon)
   (You took it off a wight on level 9 of the Dungeon)
Missiles
 n - 8 boomerangs
 q - 53 poisoned darts (quivered)
 J - 2 throwing nets
Armour
 m - a +0 pair of gloves (worn)
   (You found it on level 2 of the Dungeon)
 s - a +0 buckler (worn)
   (You found it on level 4 of the Dungeon)
 A - a +0 leather armour of fire resistance
   (You took it off Eustachio on level 6 of the Dungeon)
 I - +0 steam dragon scales
   (You found it on level 10 of the Dungeon)
 M - a +0 troll leather armour (worn)
   (You found it on level 11 of the Dungeon)
Jewellery
 h - an uncursed ring of protection from cold
   (You found it on level 3 of the Dungeon)
 u - a ring of magical power (right hand)
   (You took it off an orc wizard on level 4 of the Dungeon)
 D - a +6 ring of strength
   (You found it on level 9 of the Dungeon)
 E - an uncursed ring of resist corrosion
   (You found it on level 9 of the Dungeon)
 F - a +6 ring of dexterity (left hand)
   (You found it on level 11 of the Dungeon)
 L - an amulet of magic regeneration (around neck)
   (You bought it in a shop on level 7 of the Dungeon)
Wands
 e - a wand of enslavement (10)
   (You found it on level 7 of the Dungeon)
 x - a wand of disintegration (11)
   (You found it on level 5 of the Dungeon)
Scrolls
 b - 6 scrolls of fog
 d - 3 scrolls of enchant armour
 j - 2 scrolls of remove curse {@r2}
 l - a scroll of identify {@r1}
 t - 2 scrolls of enchant weapon {unknown}
 v - 2 scrolls of teleportation {@r4}
 w - a scroll of amnesia
 y - a scroll of acquirement {unknown}
 G - a scroll of magic mapping {unknown}
 H - a scroll of noise {unknown}
Potions
 c - 2 potions of ambrosia
 f - 5 potions of curing {@q1}
 g - 3 potions of resistance {unknown}
 i - 4 potions of heal wounds {@q2}
 k - 2 potions of haste {@q3}
 o - 2 potions of mutation {!q}
 p - a potion of experience {unknown}
 r - a potion of magic
 z - 2 potions of degeneration {unknown}
 B - a potion of cancellation
 C - a potion of brilliance {unknown}
 K - 3 potions of might {unknown}


   Skills:
 + Level 7.9 Fighting
 + Level 2.7 Armour
 + Level 3.8 Dodging
 - Level 5.0 Stealth
 - Level 4.0 Shields
 - Level 6.0 Spellcasting
 + Level 10.6 Conjurations
 - Level 4.0 Summonings
 * Level 14.5 Air Magic


You had 6 spell levels left.
You knew the following spells:

 Your Spells              Type           Power        Failure   Level
a - Shock                 Conj/Air       100%         1%          1
b - Swiftness             Air            59%          1%          2
c - Static Discharge      Conj/Air       54%          1%          3
d - Airstrike             Air            29%          1%          4
e - Mephitic Cloud        Conj/Pois/Air  39%          1%          3
f - Summon Lightning Spi  Summ/Air       43%          3%          4

Your spell library contained the following spells:

 Spells                   Type           Power        Failure   Level
 Yara's Violent Unravell  Hex/Tmut       3%           65%         5
 Magic Dart               Conj           100%         1%          1
 Conjure Flame            Conj/Fire      27%          1%          3
 Lightning Bolt           Conj/Air       27%          1%          5
 Summon Small Mammal      Summ           88%          2%          1
 Call Imp                 Summ           22%          4%          2
 Call Canine Familiar     Summ           22%          9%          3
 Animate Skeleton         Necr           12%          14%         1
 Apportation              Tloc           12%          14%         1
 Beastly Appendage        Tmut           12%          14%         1
 Corona                   Hex            6%           14%         1
 Summon Guardian Golem    Hex/Summ       14%          19%         3
 Blink                    Tloc           N/A          22%         2
 Slow                     Hex            6%           22%         2
 Wereblood                Tmut           6%           22%         2
 Spider Form              Tmut/Pois      3%           38%         3
 Summon Ice Beast         Ice/Summ       14%          52%         4
 Ice Form                 Ice/Tmut       6%           80%         4
 Blade Hands              Tmut           3%           98%         5


Dungeon Overview and Level Annotations

Branches:
Dungeon (11/15)            Temple (0/1) D:4            Lair (0/6) D:9
    Orc (0/2) D:10          Sewer (visited)          Bailey (visited)

Altars:
Ashenzari
Fedhas
Okawaru
Qazlal
Trog
Uskayaw
Vehumet
Wu Jian
Xom
Yredelemnul
The Shining One

Shops:
D:5 ?(   D:6 :   D:7 [=

Portals:
Trove: D:10 (give +2 gold dragon scales)

Annotations:
D:9 Gastronok
D:10 Snorg


Innate Abilities, Weirdness & Mutations

You have a beak for a mouth.
You have claws for feet.
You can fly continuously.
You have supernaturally acute eyesight. (SInv)
Your system is resistant to poisons. (rPois)


Message History

Things that are here:
a +0 giant club; a +0 giant club As you open the door, it creaks loudly!
There is an open door here. 4 yaks come into view.
The yak moves out of view. x3
The yak bellows!
You hear a shout!
The yak sets off the alarm!
The alarm trap emits a blaring wail!
A sentinel's mark forms upon you.
The centaur shouts!
You hear a shout!
You hear a bellow! x2
You hear an angry hiss.
You hear a shout!
The centaur shoots an arrow.
The arrow closely misses you.
You see here an arrow.
A centaur comes into view.
Things that are here:
a +0 giant club; a +0 giant club The centaur wields a +0 shortbow.
The centaur shoots an arrow.
The arrow hits you.
The centaur shoots an arrow.
The arrow barely misses you.
The centaur shoots an arrow.
The arrow hits you.
You see here an arrow.
The centaur shoots an arrow.
The arrow hits you.
You see here an arrow.
Aim: a centaur, wielding a +0 shortbow and quivering 16 arrows The air twists around and strikes the centaur!
The centaur shoots an arrow.
The arrow hits you.
A troll comes into view.
Aim: a centaur, wielding a +0 shortbow and quivering 15 arrows (heavily wounded)
The air twists around and strikes the centaur!
You kill the centaur!
Vehumet accepts your kill.
You feel your power returning.
The floor.
Snorg bites you! Snorg barely misses you. Snorg closely misses you.
You feel quick.
A yak comes into view.
Snorg bites you. Snorg completely misses you. Snorg claws you!
* * * LOW HITPOINT WARNING * * *
The sentinel's mark upon you fades away.
You open the door.
You start to feel a little slower.
There is an open door here.
There is a stone staircase leading up here.
You climb upwards.
There is a stone staircase leading down here.
You feel sluggish.
You start to feel a little faster.
You no longer feel sluggish.
There is an open door here.
You see here a +0 leather armour.
You see here 16 sling bullets.
There is a stone staircase leading down here.
You start resting.
You climb downwards.
Level annotation: Snorg
There is a stone staircase leading up here.
There is an open door here.
There is an open door here.
A troll is nearby!
You can't see any susceptible monsters within range! (Use Z to cast anyway.) Unknown command.
Unknown command.
Aim: a troll The air twists around and strikes the troll!
Aim: a troll (moderately wounded)
The air twists around and strikes the troll!
Aim: a troll (heavily wounded)
The air twists around and strikes the troll!
Aim: a troll (almost dead)
The air twists around and strikes the troll!
You kill the troll!
Vehumet accepts your kill.
You feel your power returning.
The troll leather armour is intact enough to wear.
You have reached level 12!
Your experience leads to an increase in your attributes!
Your base attributes are Str 9, Int 18, Dex 15.
Increase (S)trength, (I)ntelligence, or (D)exterity?
You feel clever. x2
Things that are here:
a +0 troll leather armour; a troll corpse
M - a +0 troll leather armour You start removing your armour.
You continue taking off your +0 steam dragon scales. x4
You finish taking off your +0 steam dragon scales.
You start putting on your armour.
You continue putting on your +0 troll leather armour. x5
You finish putting on your +0 troll leather armour.
The armour throbs as it attunes itself to your uninjured body.
There is a stone staircase leading up here.
You start resting.
A centaur is nearby!
Aim: a centaur, quivering 18 arrows (wandering, hasn't noticed you)
The air twists around and strikes the centaur!
The centaur shouts!
You hear a shout! x4
The centaur wields a cursed -1 shortbow.
The centaur shoots an arrow.
You block the arrow.
You hear a shout!
Aim: a centaur, wielding a -1 shortbow and quivering 17 arrows (heavily wounded)
The air twists around and strikes the centaur!
You kill the centaur!
Vehumet accepts your kill.
You feel your power returning.
The centaur shoots an arrow.
The arrow hits you but does no damage.
Aim: a centaur, wielding a -2 shortbow and quivering 8 arrows The air twists around and strikes the centaur!
A centaur comes into view.
The centaur shoots an arrow.
The arrow closely misses you.
Aim: a centaur, wielding a -2 shortbow and quivering 7 arrows (severely wounded)
The air twists around and strikes the centaur!
You kill the centaur!
Vehumet accepts your kill.
You feel your power returning.
The centaur wields a +0 shortbow.
The centaur shoots an arrow.
The arrow hits you!
You feel quick.
The centaur shoots an arrow.
You block the arrow.
The centaur shoots an arrow.
The arrow hits you!
The centaur shoots an arrow.
The arrow barely misses you.
The centaur shoots an arrow.
The arrow closely misses you.
You see here an arrow.
The centaur shoots an arrow.
The arrow closely misses you.
You see here an arrow.
The centaur shoots an arrow.
The arrow hits you.
The centaur shoots an arrow.
The arrow barely misses you.
You see here an arrow.
The centaur shoots an arrow.
The arrow hits you!
The centaur shoots an arrow.
The arrow misses you.
You see here an arrow.
You see here an arrow.
The centaur shoots an arrow.
You block the arrow.
You see here an arrow.
Snorg shouts!
Snorg goes berserk!
There is an open door here.
You hear a shout!
The yak bellows!
You hear a bellow! x3
You hear a bellow!
You hear a bellow! x2
There is a stone staircase leading up here.
You block Snorg's attack. Snorg claws you! x2
* * * LOW HITPOINT WARNING * * *
Snorg misses you. You block Snorg's attack. Snorg claws you!
* * * LOW HITPOINT WARNING * * *
You climb upwards.
There is a stone staircase leading down here.
As you read the scroll of teleportation {@r4}, it crumbles to dust.
You feel strangely unstable. Snorg barely misses you. Snorg claws you!
You die...

......#'####...###....#
......#....#..........###########
.....<'....#.........##...##.....
......#....#..............#......
......#...##...##....##...#......
##'####...###+###....##...#......
..........................#......
...............T..........#......
................@.........#......
.[...................##...##.....
.....................##...##.....
..................)..#...........
.....................#...........
#####'##..####.##....##..........
##.##.##..####.##....##...##.....
#.....#.....#.............##.....
#.....#.....#...........)........


You could see Snorg (berserk).

Vanquished Creatures
  An orc warlord (Bailey)
  Harold (D:10)
  A two-headed ogre (D:11)
  An unseen horror (D:10)
  Pikel (D:5)
  An orc knight (Bailey)
  An ugly thing (D:11)
  A komodo dragon (D:11)
  A troll (D:11)
  A vampire (D:8)
  A wyvern (D:10)
  Grum (D:9)
  3 yaks (D:10)
  Eustachio (D:6)
  A steam dragon (D:10)
  2 water moccasins
  15 orc warriors
  2 phantoms
  2 sky beasts
  An ice beast (D:10)
  An eye of draining (D:11)
  A black bear (D:9)
  4 ogres
  4 wolves (D:9)
  7 centaurs
  4 lemures (D:5)
  3 big kobolds
  Blork the orc (D:6)
  7 bullfrogs
  A scorpion (D:4)
  17 killer bees
  9 wights
  6 howler monkeys
  4 jellies (D:9)
  A bullfrog zombie (D:8)
  7 orc priests
  A centaur skeleton (D:9)
  7 hounds
  Ijyb (D:5)
  7 orc wizards
  8 worker ants
  A killer bee zombie (D:8)
  A hound zombie (D:9)
  A hound skeleton (D:11)
  Robin (D:1)
  9 gnolls (Bailey)
  2 howler monkey skeletons (D:4)
  16 adders
  2 river rats (Sewer)
  A white imp (D:7)
  An ufetubus (D:5)
  An adder zombie (D:7)
  3 worms (D:2)
  A dart slug (D:2)
  A leopard gecko (D:7)
  56 orcs
  3 ball pythons
  4 giant cockroaches
  2 gnoll zombies (D:3)
  23 hobgoblins
  14 jackals
  16 kobolds
  4 quokkas
  4 bats
  13 frilled lizards
  31 goblins
  A leopard gecko skeleton (D:5)
  A leopard gecko zombie (D:5)
  A quokka skeleton (D:4)
  9 rats
363 creatures vanquished.

Vanquished Creatures (others)
  A worker ant (D:8)
  3 fungi (D:9)
  4 plants (D:9)
8 creatures vanquished.

Grand Total: 371 creatures vanquished

Notes
Turn   | Place    | Note
-------+----------+-------------------------------------------
     0 | D:1      | CryoSword the Tengu Air Elementalist began the quest for
                  | the Orb.
     0 | D:1      | Reached XP level 1. HP: 10/10 MP: 4/4
   314 | D:1      | Reached XP level 2. HP: 16/16 MP: 3/6
   994 | D:1      | Learned a level 2 spell: Swiftness
  1202 | D:2      | Reached XP level 3. HP: 20/20 MP: 1/7
  1258 | D:2      | Reached skill level 1 in Fighting
  1715 | D:2      | Noticed Robin
  1739 | D:1      | Reached skill level 5 in Air Magic
  1901 | D:1      | Killed Robin
  1902 | D:1      | Reached XP level 4. HP: 22/25 MP: 1/8
  2025 | D:2      | Learned a level 3 spell: Static Discharge
  2377 | D:2      | Found a faded altar of an unknown god.
  2377 | D:2      | Found an ornate altar of the Wu Jian Council.
  2384 | D:2      | Found a radiant altar of Vehumet.
  2386 | D:2      | Found a hide-covered altar of Uskayaw.
  2388 | D:2      | Found a glowing golden altar of the Shining One.
  2391 | D:2      | Became a worshipper of Vehumet
  2663 | D:3      | Gained mutation: You have supernaturally acute eyesight.
                  | (SInv) [potion of mutation]
  2663 | D:3      | Gained mutation: Your system is resistant to poisons.
                  | (rPois) [potion of mutation]
  3026 | D:3      | Gained mutation: You can fly continuously. [Tengu growth]
  3026 | D:3      | Reached XP level 5. HP: 30/30 MP: 0/9
  3043 | D:3      | Found a glowing drain.
  3047 | Sewer    | Entered a sewer
  3341 | Sewer    | Reached * piety under Vehumet
  3341 | Sewer    | Offered knowledge of Foxfire by Vehumet.
  3344 | Sewer    | Noticed a big kobold
  3407 | Sewer    | Killed a big kobold
  3408 | Sewer    | Reached skill level 6 in Air Magic
  3408 | Sewer    | Reached XP level 6. HP: 35/35 MP: 0/10
  3561 | Sewer    | Found a glowing silver altar of Zin.
  4050 | D:3      | Found a broken altar of Ashenzari.
  4166 | D:3      | Found a basalt altar of Yredelemnul.
  4327 | D:3      | Found an iron altar of Okawaru.
  4332 | D:3      | Found a bloodstained altar of Trog.
  4662 | D:4      | Found a staircase to the Ecumenical Temple.
  4884 | D:4      | Reached skill level 1 in Shields
  5213 | D:4      | Reached XP level 7. HP: 34/40 MP: 4/11
  6291 | D:5      | Entered Level 5 of the Dungeon
  6703 | D:4      | Reached skill level 7 in Air Magic
  6869 | D:5      | Found Kitif's Magic Scroll Shop.
  6877 | D:5      | Bought a scroll of random uselessness for 11 gold pieces
  6877 | D:5      | Bought a scroll of remove curse for 33 gold pieces
  6877 | D:5      | Bought 3 scrolls of identify for 66 gold pieces
  6877 | D:5      | Bought a scroll of identify for 22 gold pieces
  6877 | D:5      | Bought a scroll of enchant armour for 82 gold pieces
  6979 | D:5      | Reached ** piety under Vehumet
  7079 | D:5      | Offered knowledge of Sandblast by Vehumet.
  7085 | D:5      | Learned a level 4 spell: Airstrike
  7113 | D:5      | Reached XP level 8. HP: 46/46 MP: 12/12
  7133 | D:5      | Noticed Ijyb
  7172 | D:5      | Killed Ijyb
  7475 | D:5      | Noticed Pikel
  7538 | D:5      | Reached skill level 8 in Air Magic
  7638 | D:5      | Found Kimpest's Antique Weapon Boutique.
  7679 | D:5      | Reached skill level 5 in Conjurations
  7857 | D:5      | Found a stormy altar of Qazlal.
  7886 | D:5      | Killed Pikel
  7887 | D:5      | Reached skill level 5 in Stealth
  7887 | D:5      | Reached skill level 9 in Air Magic
  8071 | D:6      | Found Fasome's Book Boutique.
  8124 | D:6      | Noticed Blork the orc
  8129 | D:6      | Reached XP level 9. HP: 52/52 MP: 10/13
  8231 | D:6      | Killed Blork the orc
  8519 | D:6      | Noticed Eustachio
  8527 | D:6      | Killed Eustachio
  8528 | D:6      | Reached skill level 10 in Air Magic
  9129 | D:7      | Found Asotabb's Jewellery Boutique.
  9141 | D:7      | Found Vibi's Antique Armour Shoppe.
  9249 | D:7      | Learned a level 3 spell: Mephitic Cloud
  9425 | D:7      | Offered knowledge of Dazzling Flash by Vehumet.
  9512 | D:7      | Reached skill level 5 in Fighting
  9846 | D:8      | Reached *** piety under Vehumet
 10144 | D:8      | Reached skill level 11 in Air Magic
 11056 | D:8      | Reached XP level 10. HP: 60/60 MP: 13/16
 11175 | D:8      | Offered knowledge of Olgreb's Toxic Radiance by Vehumet.
 11552 | D:8      | Found a blossoming altar of Fedhas.
 11552 | D:8      | Found a shimmering altar of Xom.
 11834 | D:9      | Noticed Grum
 11847 | D:9      | Killed Grum
 11848 | D:9      | Reached skill level 12 in Air Magic
 11854 | D:9      | Found a staircase to the Lair.
 11951 | D:9      | Reached **** piety under Vehumet
 11974 | D:9      | Found a flagged portal.
 12029 | Bailey   | Entered a bailey
 12524 | Bailey   | Offered knowledge of Hailstorm by Vehumet.
 13628 | Bailey   | Noticed an orc knight
 13683 | Bailey   | Noticed an orc warlord
 13718 | Bailey   | Killed an orc warlord
 13719 | Bailey   | Reached skill level 5 in Spellcasting
 13719 | Bailey   | Reached skill level 13 in Air Magic
 13719 | Bailey   | Reached XP level 11. HP: 33/67 MP: 12/19
 14000 | Bailey   | Killed an orc knight
 15183 | D:9      | Noticed Gastronok
 15198 | D:9      | HP: 1/67 [Gastronok/the air (37)]
 15388 | D:10     | Entered Level 10 of the Dungeon
 15595 | D:10     | Found a staircase to the Orcish Mines.
 15607 | D:10     | Reached ***** piety under Vehumet
 15611 | D:10     | Reached skill level 10 in Conjurations
 15854 | D:10     | Offered knowledge of Yara's Violent Unravelling by Vehumet.
 15860 | D:10     | Learned a level 4 spell: Summon Lightning Spire
 16005 | D:10     | Noticed Harold
 16012 | D:10     | Killed Harold
 16013 | D:10     | Reached skill level 1 in Summonings
 16013 | D:10     | Reached skill level 14 in Air Magic
 16446 | D:10     | Reached skill level 1 in Armour
 16556 | D:10     | Found a portal to a secret trove of treasure.
 16743 | D:7      | Bought an uncursed amulet of magic regeneration for 390
                  | gold pieces
 16992 | D:10     | Noticed an unseen horror
 16996 | D:10     | Killed an unseen horror
 17303 | D:11     | Noticed Snorg
 17730 | D:11     | Noticed a purple ugly thing
 17882 | D:11     | Killed a purple ugly thing
 17945 | D:11     | Noticed a two-headed ogre
 17954 | D:11     | Killed a two-headed ogre
 18251 | D:11     | Reached XP level 12. HP: 73/73 MP: 19/22
 18332 | D:10     | Slain by Snorg

Illustrated notes

Levels and vault maps discovered:
D:1:      minmay_arrival_open_corners, layout_basic, minmay_lizard_pond
D:2:      layout_basic, chequers_temple_overflow_minitemple, dk_vineyard_2,
          uniq_robin
D:3:      layout_rooms, minitemple, lemuel_zombie_altar_yredelemnul,
          ashenzari_altar_1, gup_sewer_entry_spiral
D:4:      layout_cave_pods, minmay_temple_entry_arrows
D:5:      layout_loops_ring, general_overflow_altar, serial_shops, shop,
          shop_scrolls, uniq_ijyb, uniq_pikel
D:6:      layout_gridville, serial_shops, nicolae_shop_statue_plus,
          uniq_blork_the_orc, uniq_eustachio
D:7:      layout_basic, serial_shops, shop, shop_statue,
          chequers_serial_rivers_micro_c
D:8:      layout_rooms, amethyst_overflow_temple_binary
D:9:      layout_roguey, dpeg_oklobed_lair, enter_bailey_3, serial_curves,
          eino_curves_04, eino_curves_04, eino_curves_01, eino_curves_03,
          kennysheep_generic_room_4, uniq_grum, uniq_gastronok
D:10:     layout_gridville, orc_0_dummy, nicolae_trove_entry_free_sample,
          uniq_harold
D:11:     layout_irregular_city, uniq_snorg

Skill      XL: |  1  2  3  4  5  6  7  8  9 10 11 |
---------------+----------------------------------+-----
Conjurations   | 2 3 4 6 8 9 10 | 10.6
Fighting       | 1 2 3 4 5 7 |  7.9
Air Magic      | 5 6 7 9 11 13 14 | 14.5
Stealth        | 3 4 5 |  5.0
Shields        | 2 4 |  4.0
Spellcasting   | 3 5 6 |  6.0
Summonings     | 4 |  4.0
Armour         | 2 |  2.7
Dodging        | 3 |  3.8

Action                   |  1- 3 |  4- 6 |  7- 9 | 10-12 || total
-------------------------+-------+-------+-------+-------++-------
Melee: Kick              |     3 |     6 |     8 |     7 ||    24
       Club              |     1 |       |       |       ||     1
       Short sword       |     3 |       |       |       ||     3
       Dagger            |       |    42 |    21 |       ||    63
       Peck              |       |     6 |     5 |     5 ||    16
       Whip              |       |       |     7 |    13 ||    20
       Scimitar          |       |       |       |     8 ||     8
 Cast: Shock             |   102 |   193 |   182 |   118 ||   595
       Static Discharge  |       |     2 |    37 |    18 ||    57
       Airstrike         |       |       |    22 |   223 ||   245
       Swiftness         |       |       |       |     3 ||     3
       Mephitic Cloud    |       |       |       |     2 ||     2
 Abil: Fly               |       |     1 |       |       ||     1
       Stop Flying       |       |       |       |     1 ||     1
  Use: Scroll            |       |     8 |     5 |     7 ||    20
       Potion            |       |     2 |     1 |     4 ||     7
 Stab: Sleeping          |       |     1 |     1 |     2 ||     4
Armor: Robe              |     9 |    29 |     5 |       ||    43
       Leather armour    |       |       |     6 |     9 ||    15
       Steam dragon scal |       |       |       |     4 ||     4
       Troll leather arm |       |       |       |     1 ||     1
Dodge: Dodged            |    10 |    72 |    71 |    46 ||   199
Block: Buckler           |       |       |    22 |    19 ||    41
       Rpst.: Scimitar   |       |       |       |     1 ||     1
